 Dungeon Crawl Stone Soup version 0.29-a0-845-g6161e89988 (webtiles) character file.

Game seed: 7265089504457153385

53 omnesmortales the Trooper (level 3, -5/33 HPs)
             Began as a Minotaur Fighter on July 15, 2022.
             Slain by a gnoll
             ... wielding a +0 halberd
              (7 damage)
             ... on level 3 of the Dungeon.
             The game lasted 00:11:39 (1879 turns).

omnesmortales the Trooper (Minotaur Fighter)        Turns: 1879, Time: 00:11:40

Health: -5/33      AC: 10    Str: 22    XL:     3   Next: 64%
Magic:  2/2        EV:  7    Int:  5    God:
Gold:   83         SH:  4    Dex:  9    Spells: 2/2 levels left

rFire   . . .      SeeInvis .   a - +0 flail
rCold   . . .      Faith    .   c - +0 buckler
rNeg    . . .      Spirit   .   u - +0 chain mail
rPois   .          Reflect  .   (helmet restricted)
rElec   .          Harm     .   (no cloak)
rCorr   .          Rampage  .   t - +0 pair of gloves
Will    .....                   (no boots)
Stlth   ..........              (no amulet)
HPRegen 0.11/turn               (no ring)
MPRegen 0.08/turn               (no ring)

@: no status effects
A: horns 2, retaliatory headbutt
a: no special abilities


You were on level 3 of the Dungeon.
You visited 1 branch of the dungeon, and saw 3 of its levels.

You collected 83 gold pieces.

Inventory:

Hand Weapons
 a - a +0 flail (weapon)
 g - a +0 broad axe
 h - a +0 short sword
 v - a +2 short sword of speed
Armour
 b - a +0 scale mail
 c - a +0 buckler (worn)
 t - a +0 pair of gloves (worn)
 u - a +0 chain mail (worn)
Scrolls
 e - a scroll of noise {unknown}
 i - 3 scrolls of identify {unknown}
 j - a scroll of immolation {unknown}
 l - a scroll of magic mapping {unknown}
 m - a scroll of fear {unknown}
 n - a scroll of vulnerability {unknown}
 p - 2 scrolls of enchant weapon {unknown}
 r - a scroll of enchant armour {unknown}
 s - a scroll of fog {unknown}
Potions
 d - 2 potions of might
 f - a potion of curing {unknown}
 k - a potion of heal wounds {unknown}
 o - 2 potions of flight {unknown}
 q - a potion of lignification {unknown}


   Skills:
 * Level 4.2 Fighting
 * Level 3.0 Maces & Flails
 + Level 0.6 Ranged Weapons
 * Level 4.1 Armour
 + Level 4.0 Shields
 + Level 0.6 Evocations


You had 2 spell levels left.
You didn't know any spells.
Your spell library contained the following spells:

 Spells                   Type           Power      Damage    Failure   Level
 Foxfire                  Conj/Fire      0%         2x1d4     99%         1
 Conjure Flame            Conj/Fire      0%         6-21      100%        3
 Inner Flame              Hex/Fire       0%         N/A       100%        3
 Flame Wave               Conj/Fire      0%         2d4       100%        4


Dungeon Overview and Level Annotations

Branches:
Dungeon (3/15)

Altars:


Innate Abilities, Weirdness & Mutations

You have a pair of horns on your head.
You reflexively headbutt those who attack you in melee.


Message History

The goblin shouts!
You barely miss the goblin. You headbutt the goblin.
The goblin is moderately wounded.
The goblin hits you but does no damage.
You closely miss the goblin.
The goblin is moderately wounded.
The goblin misses you. You furiously retaliate!
You headbutt the goblin!
You kill the goblin!
You see here a +0 dagger.
d - 2 potions of might (gained 1)
A bat comes into view.
You see here 16 gold pieces.
You hit the bat. Your headbutt misses the bat.
The bat is heavily wounded.
The bat completely misses you.
You hit the bat.
You kill the bat!
You now have 83 gold pieces (gained 16).
Found a whip.
You see here a +0 whip.
A gnoll comes into view. It is wielding a +0 halberd.
The gnoll shouts!
A gnoll comes into view. It is wielding a +0 halberd.
A frilled lizard comes into view.
The frilled lizard hisses angrily.
The gnoll hits you but does no damage.
The gnoll hits you from afar with a +0 halberd!
A gnoll comes into view. It is wielding a +0 spear.
The gnoll shouts!
The gnoll barely misses you. x2
You hit the gnoll.
The gnoll is heavily wounded.
The gnoll hits you with a +0 halberd!
The gnoll hits you from afar with a +0 halberd!
You barely miss the gnoll. You headbutt the gnoll.
The gnoll is heavily wounded.
The gnoll hits you with a +0 halberd!
* * * LOW HITPOINT WARNING * * *
The gnoll hits you from afar with a +0 halberd!
You die...

#.. . # #.# #.#
#.# #.#
#.#####.#####.#
#.##.......##.#
#.##..# #..##.#
#.....# #..##.#
####..#..###..##.#
>.............##.#
.....#.###.##.##@#
##.##.##
#....##g## #.####
###...lg.## #.#
#####....g..# #.#
#......###..# #.#
#.####.# #..# #.#
#.# #.# #..#
#.#####.# #.# #..#
#.......# #.# #..#


You could see 3 gnolls and a frilled lizard.

Vanquished Creatures
  3 dart slugs
  4 endoplasms
  A giant cockroach (D:1)
  5 hobgoblins
  6 kobolds
  6 ball pythons
  5 bats
  A frilled lizard (D:1)
  5 goblins
  8 rats
44 creatures vanquished.

Notes
Turn   | Place    | Note
-------+----------+-------------------------------------------
     0 | D:1      | omnesmortales the Minotaur Fighter began the quest for the
                  | Orb.
     0 | D:1      | Reached XP level 1. HP: 19/19 MP: 0/0
   237 | D:1      | Reached XP level 2. HP: 23/27 MP: 1/1
   558 | D:1      | Reached XP level 3. HP: 29/33 MP: 2/2
  1680 | D:3      | Found a faded altar of an unknown god.
  1879 | D:3      | Slain by a gnoll

Illustrated notes

Levels and vault maps discovered:
D:1:      lemuel_arrival_room, layout_basic, minmay_heptomino_d4
D:2:      layout_loops_ring
D:3:      layout_loops_ring, minitemple, chequers_ecumenical_altar_island

Skill      XL: |  1  2 |
---------------+-------+-----
Shields        | 4 |  4.0
Fighting       | 4 |  4.2
Armour         | 4 |  4.1
Maces & Flails | 3 |  3.0
Ranged Weapons | |  0.6
Evocations     | |  0.6

Action                   || total
-------------------------++-------
Melee: Flail             ||    78
       Headbutt          ||     9
Armor: Scale mail        ||    34
       Chain mail        ||     6
Dodge: Dodged            ||    36
Block: Buckler           ||    18

Table legend: (Time is in decaauts)
 A = Elapsed time spent in this place.
 B = Non-inter-level travel time spent in this place.
 C = Inter-level travel time spent in this place.
 D = Time resting spent in this place.
 E = Time spent auto-exploring this place.
 F = Levels seen in this place.
 G = Mean time per level.
                   A        B        C        D        E       F      G
               +--------+--------+--------+--------+--------+-----+--------+
         Total |   1912 |   1879 |     33 |    111 |   1059 |   3 |  637.3 |
       Dungeon |   1912 |   1879 |     33 |    111 |   1059 |   3 |  637.3 |
               +--------+--------+--------+--------+--------+-----+--------+

Top non-repeatable levels by time:
     D:1: 905 daAuts
     D:2: 675 daAuts
     D:3: 331 daAuts
